 Dungeon Crawl Stone Soup version 0.22-a0-185-ge330310d3a (webtiles) character file.

107 RedPan the Sneak (level 4, -1/27 HPs)
             Began as an Octopode Wizard on Feb 15, 2018.
             Slain by a white imp (4 damage)
             ... summoned by the player character
             ... on level 3 of the Dungeon.
             The game lasted 00:12:18 (2932 turns).

RedPan the Sneak (Octopode Wizard)                  Turns: 2932, Time: 00:12:18

Health: -1/27      AC:  1    Str:  6    XL:     4   Next: 86%
Magic:  3/9        EV: 13    Int: 20    God:
Gold:   35         SH:  0    Dex: 11    Spells: 2/10 levels left

rFire    . . .     SeeInvis .   h - +3 dagger
rCold    . . .     Gourm    .   (no shield)
rNeg     . . .     Faith    .   a - +0 hat
rPois    .         Spirit   .   m - amulet of magic regeneration
rElec    .         Reflect  .   (no ring)
rCorr    .         Harm     .   (no ring)
MR       .....                  (no ring)
Stlth    ++........             (no ring)
HPRegen  0.09/turn              (no ring)
MPRegen  0.36/turn              (no ring)
                                (no ring)
                                (no ring)

@: confused, very slightly contaminated, drained
A: almost no armour, stealthy swim, amphibious, 8 rings, constrict 8, camouflage
1, gelatinous body 1
a: no special abilities


You were on level 3 of the Dungeon.
You were hungry.

You visited 1 branch of the dungeon, and saw 3 of its levels.

You collected 35 gold pieces.

Inventory:

Hand Weapons
 d - a cursed -2 whip
 h - a +3 dagger (weapon)
Armour
 a - a +0 hat (worn)
 f - a +0 buckler
Jewellery
 k - an uncursed amulet of harm
 m - an amulet of magic regeneration (around mantle)
Scrolls
 g - a scroll of teleportation {unknown}
 i - 2 scrolls of fog {unknown}
Potions
 e - a potion of flight
Books
 b - a book of Minor Magic

   Spells                             Type                      Level
   a - Magic Dart                     Conjuration                  1
   b - Blink                          Translocation                2
   c - Call Imp                       Summoning                    2
   d - Slow                           Hexes                        2
   e - Conjure Flame                  Conjuration/Fire             3
   f - Mephitic Cloud                 Conjuration/Poison/Air       3
Comestibles
 c - 7 rations


   Skills:
 + Level 2.8(1.7) Dodging
 + Level 3.9(2.8) Stealth
 + Level 3.5(2.4) Spellcasting
 * Level 2.7(1.7) Conjurations
 - Level 1.0(0.0) Summonings
 - Level 1.0(0.0) Translocations


You had 2 spell levels left.
You knew the following spells:

 Your Spells              Type           Power        Failure   Level  Hunger
a - Magic Dart            Conj           #...         8%          1    #......
b - Blink                 Tloc           N/A          22%         2    ##.....
c - Call Imp              Summ           #.......     22%         2    ##.....
d - Mephitic Cloud        Conj/Pois/Air  #.......     34%         3    ###....


Dungeon Overview and Level Annotations

Branches:
Dungeon (2/15)

Altars:
Uskayaw
Xom


Innate Abilities, Weirdness & Mutations

You cannot wear most types of armour.
You are very stealthy in the water. (Stealth+)
You are amphibious.
You can wear up to eight rings at the same time.
You can use your tentacles to constrict eight enemies at once.
Your skin changes colour to match your surroundings (Stealth+).
Your rubbery body absorbs attacks. (AC +1, EV +1)


Message History

A jackal comes into view.
You're too confused to move!
The white imp hits you. The white imp freezes you.
* * * LOW HITPOINT WARNING * * *
Your crimson imp misses the white imp.
Something hits you.
* * * LOW HITPOINT WARNING * * *
Your crimson imp barely misses something.
Unknown command.
Okay, then.
You're too confused to cast spells.
You're too confused to cast spells.
Unknown command.
You're too confused!
Unknown command.
Okay, then.
Something closely misses your crimson imp.
Your crimson imp hits the white imp.
You bump into the rock wall.
Your crimson imp disappears in a puff of smoke!
The white imp hits you.
You die...

##########
#.@5.ยง...##
#.###5....#
#.#..5....#
#.#.....h..#
#.#..#...#.#
#.... ..## #
###.. #..
o.. .## o#..
.#


You could see a white imp and a friendly crimson imp.

Vanquished Creatures
  A dart slug (D:1)
  8 bats
  4 giant cockroaches
  7 hobgoblins
  A quokka (D:2)
  2 ball pythons
  3 frilled lizards
  7 goblins
  5 kobolds
  8 rats
46 creatures vanquished.

Vanquished Creatures (collateral kills)
  Robin (D:2)
  7 adders (D:2)
  An ooze (D:3)
  A worm (D:2)
  2 orcs (D:3)
  3 goblins (D:2)
  2 hobgoblins (D:2)
  A jackal (D:3)
  A quokka (D:2)
19 creatures vanquished.

Grand Total: 65 creatures vanquished

Notes
Turn   | Place    | Note
-------+----------+-------------------------------------------
     0 | D:1      | RedPan the Octopode Wizard began the quest for the Orb.
     0 | D:1      | Reached XP level 1. HP: 11/11 MP: 4/4
   380 | D:1      | Reached XP level 2. HP: 17/17 MP: 3/6
   511 | D:1      | Learned a level 2 spell: Blink
   514 | D:1      | Learned a level 2 spell: Call Imp
  1088 | D:1      | Reached XP level 3. HP: 21/21 MP: 7/7
  1331 | D:2      | Learned a level 3 spell: Mephitic Cloud
  1952 | D:2      | Reached XP level 4. HP: 14/27 MP: 1/9
  2163 | D:2      | Noticed Robin
  2179 | D:2      | Killed Robin
  2751 | D:2      | Found a shimmering altar of Xom.
  2817 | D:2      | Found a hide-covered altar of Uskayaw.
  2902 | D:2      | You fall through a shaft!
  2932 | D:3      | Slain by a white imp

Vault maps used:
D:1:      kennysheep_arrival_forest, st_stairs_1
D:2:      lemuel_coloured_pillars_altar, nicolae_overflow_hidden_temple,
          first_ration, minmay_quantized, uniq_robin

Skill      XL: |  1  2  3 |
---------------+----------+-----
Stealth        | 3 |  3.9
Conjurations   | 2 |  2.7
Dodging        | |  2.8
Spellcasting   | |  3.5
Summonings     | |  1.0
Translocations | |  1.0

Action                   |  1- 3 |  4- 6 || total
-------------------------+-------+-------++-------
Melee: Unarmed           |     5 |       ||     5
       Constrict         |    13 |     2 ||    15
       Whip              |     5 |       ||     5
       Dagger            |    37 |    10 ||    47
       Tentacles         |       |     2 ||     2
 Cast: Magic Dart        |    52 |    34 ||    86
       Call Imp          |    12 |    17 ||    29
       Blink             |     1 |       ||     1
  Use: Potion            |     1 |     3 ||     4
       Scroll            |     1 |       ||     1
 Stab: Sleeping          |     5 |     1 ||     6
  Eat: Chunk             |     3 |     5 ||     8
Armor: Skin              |    12 |     1 ||    13
Dodge: Dodged            |    36 |    10 ||    46

Table legend:
 A = Spawn XP
 B = Non-spawn XP
 C = Spawn XP percentage of total XP
 D = Spawn monster count
 E = Non-spawn monster count
 F = Spawn count percentage of total count
 G = Total turns spent on level
                    A         B        C        D         E        F      G
               +---------+---------+-------+---------+---------+-------+---------
         Total |       0 |     154 |   0.0 |       0 |      65 |   0.0 |  2932
               +---------+---------+-------+---------+---------+-------+---------
           D:1 |       0 |      36 |   0.0 |       0 |      21 |   0.0 |  1388
           D:2 |       0 |     108 |   0.0 |       0 |      39 |   0.0 |  1514
           D:3 |       0 |      10 |   0.0 |       0 |       5 |   0.0 |    30
               +---------+---------+-------+---------+---------+-------+---------
